Map: Catalyst LE

Players

GuMiho

  • Race: Terran Terran
  • Spawn Location: 11:00

Maru - Winner!

  • Race: Terran Terran
  • Spawn Location: 5:00

Event: IEM Season 12 - Katowice

VOD

Have the link to the VOD?

Description

Time

  • Played on: March 1, 2018, 4:53 a.m.
  • Length: 5:11

All games in this series

Show
View Real Time Build Order
Export as new Build Order

GuMiho Terran 

Build Orders: 1/1/1 

Get SALT Encoding   

  12  0:00  SCV  
  13  0:12  SCV  
  14  0:17  Supply Depot  
  14  0:24  SCV  
  14  0:28  Refinery  
  15  0:39  SCV  
  16  0:45  Barracks  
  16  0:51  SCV  
  16  0:55  Refinery  
  17  1:03  SCV  
  18  1:15  SCV  
  19  1:31  Orbital Command  
  19  1:32  Reaper  
  20  1:35  Factory  
  20  1:44  Supply Depot  
  20  1:57  SCV  
  21  2:04  Barracks Tech Lab  
  21  2:09  SCV  
  23  2:26  Command Center  
  22  2:30  Starport  
  22  2:31  SCV  
  22  2:36  Hellion  
  25  2:43  SCV  
  26  2:47  Supply Depot  
  26  2:55  SCV  
  27  3:07  Cyclone, SCV  
  29  3:12  Banshee  
  31  3:26  SCV, Marine  
  28  3:38  SCV  
  25  3:46  Barracks Reactor  
  24  3:50  SCV  
  25  3:57  Viking  
  25  4:02  SCV  
  27  4:09  Cyclone  
  30  4:14  SCV  
  31  4:20  Supply Depot  
  31  4:22  Marine  
  31  4:23  Marine  
  33  4:26  SCV  
  33  4:40  Marine x2  
  33  4:43  SCV  
  32  4:55  SCV  
Show
View Real Time Build Order
Export as new Build Order

Maru Terran - Winner!

Build Orders: 1/1/1, Cyclone Opening 

Get SALT Encoding   

  12  0:00  SCV  
  13  0:12  SCV  
  14  0:17  Supply Depot  
  14  0:24  SCV  
  15  0:29  Refinery  
  15  0:38  SCV  
  16  0:45  Barracks  
  16  0:50  SCV  
  16  0:55  Refinery  
  17  1:03  SCV  
  18  1:15  SCV  
  19  1:32  Reaper, Orbital Command  
  20  1:38  Factory  
  20  1:49  Supply Depot  
  20  1:57  SCV  
  21  2:04  Reaper  
  22  2:09  SCV  
  23  2:22  Hellion  
  25  2:24  SCV  
  25  2:25  Starport  
  26  2:32  Supply Depot  
  26  2:36  SCV  
  27  2:37  Barracks Tech Lab  
  27  2:48  Cyclone, SCV  
  31  3:08  Cloaking Field, Banshee  
  32  3:28  Command Center  
  32  3:29  SCV  
  33  3:37  Barracks Reactor  
  32  3:41  SCV  
  32  3:45  Factory Tech Lab  
  33  3:53  SCV, Banshee  
  37  3:59  Supply Depot  
  37  4:06  SCV  
  38  4:14  Marine  
  39  4:17  Marine  
  39  4:18  SCV, Siege Tank  
  44  4:30  SCV  
  43  4:31  Marine  
  43  4:35  Marine  
  43  4:36  Viking  
  45  4:42  SCV  
  43  4:49  Marine  
  40  4:53  Marine  
  40  4:54  SCV  

Tags
 
Add a new tag
Caveats
  • Supply blocks, unpowered buildings, or Contaminate may cause inaccurate times.
  • Supply counts are checked every 10 seconds.